 Dungeon Crawl Stone Soup version 0.31.0-11-ge490571c62 (webtiles) character file.

Game seed: 296833716502567336

18540 qw the Markself (level 12, -15/75 HPs)
             Began as a Deep Elf Hunter on Feb 4, 2024.
             Was a High Priest of Okawaru.
             Demolished by a tyrant leech (23 damage)
             ... on level 2 of the Lair of Beasts.
             The game lasted 00:04:37 (10573 turns).

qw the Markself (Deep Elf Hunter)                  Turns: 10573, Time: 00:04:37

Health: -15/75     AC: 15    Str: 12    XL:     12   Next: 28%
Magic:  7/7        EV: 19    Int: 16    God:    Okawaru [*****.]
Gold:   339        SH:  0    Dex: 18    Spells: 11/11 levels left

rFire   . . .        i - +6 orcbow (antimagic)
rCold   . . .        (shield currently unavailable)
rNeg    . . .        c - +2 scale mail {Will+}
rPois   .            (no helmet)
rElec   .            (no cloak)
rCorr   .            f - +0 pair of gloves
SInv    .            b - +0 pair of boots
Will    ++...        (no amulet)
Stlth   +            m - +5 ring of evasion
HPRegen 0.32/turn    l - +4 ring of protection
MPRegen 0.10/turn

%: no passive effects
@: no status effects
A: no striking features
a: Renounce Religion, Heroism, Finesse, Duel


You were on level 2 of the Lair of Beasts.
You worshipped Okawaru.
Okawaru was extremely pleased with you.
You visited 2 branches of the dungeon, and saw 10 of its levels.

You collected 647 gold pieces.
You spent 308 gold pieces at shops.


   Skills:
 - Level 8.6 Fighting
 + Level 15.7 Ranged Weapons
 - Level 5.0 Armour
 - Level 10.1 Dodging
 - Level 1.2 Stealth
 - Level 10.0 Invocations


You had 11 spell levels left.
You didn't know any spells.
Your spell library was empty.

Inventory:

Hand Weapons
 i - a +6 antimagic orcbow (weapon)
Armour
 b - a +0 pair of boots (worn)
 c - a +2 scale mail of willpower (worn)
 f - a +0 pair of gloves (worn)
Jewellery
 l - a +4 ring of protection (right hand)
 m - a +5 ring of evasion (left hand)
 n - an amulet of faith
Wands
 g - a wand of roots (13)
 k - a wand of digging (1)
Scrolls
 h - a scroll of amnesia {unknown}
 j - 5 scrolls of identify
Potions
 a - a potion of lignification {unknown}
 d - a potion of enlightenment
 o - a potion of curing
 p - 2 potions of magic
 q - 2 potions of might
 r - a potion of mutation

Dungeon Overview and Level Annotations

Branches:
Dungeon (8/15)             Temple (0/1) D:6            Lair (2/5) D:8
  Swamp (0/4) Lair:2
  Snake: Lair:2-3    Spider: Lair:2-3

Altars:
Cheibriados
Elyvilon
Fedhas
Okawaru
Ru
Vehumet
Yredelemnul
Zin
The Shining One

Shops:
D:6 !


Message History

The swamp worm is moderately wounded.
The tyrant leech completely misses you.
You shoot an arrow.
The arrow hits the tyrant leech but does no damage.
The tyrant leech is lightly wounded.
You shoot an arrow.
The arrow barely misses the tyrant leech.
The arrow barely misses the swamp worm.
The tyrant leech bites you but does no damage.
You shoot an arrow.
The arrow closely misses the tyrant leech.
The arrow hits the swamp worm!
The swamp worm is heavily wounded.
The tyrant leech completely misses you.
You shoot an arrow. The arrow hits the tyrant leech!
The tyrant leech is moderately wounded.
The tyrant leech bites you!!
The tyrant leech draws strength from your injuries!
10567 ||| DRINKING potion of heal wounds.
You feel much better. The tyrant leech bites you!!
The tyrant leech draws strength from your injuries!
You shoot an arrow.
The arrow completely misses the tyrant leech.
The arrow closely misses the swamp worm.
You shoot an arrow. The arrow hits the tyrant leech!
The tyrant leech is moderately wounded.
The tyrant leech closely misses you.
You shoot an arrow. The arrow hits the tyrant leech!
The tyrant leech is moderately wounded.
The tyrant leech closely misses you.
You shoot an arrow. The arrow misses the tyrant leech.
The arrow closely misses the swamp worm.
You shoot an arrow. The arrow hits the tyrant leech!!
The tyrant leech is severely wounded.
The tyrant leech bites you but does no damage.
You shoot an arrow. The arrow hits the tyrant leech!
The tyrant leech is almost dead.
The tyrant leech bites you!!
You die... ###........## .##.........# ##P.........# ##.........## 77777

##........# 77~7¤77
#........# #77¤~¤¤¤7
##..###.## #ww¤¤¤~~7
#.....#.# #w77¤¤¤~7
#.#.#..## #@77¤¤¤77
##......## #..777777### #
#.......####..........##
#####.........####.#....#..#
...........##..####...#...##
...#.......#.....#..#.##..#
...##......####..##.......#
~####......# ##.....#....##
~## #.......# ##...#...#..#


You could see 2 tyrant leeches and a swamp worm.

Vanquished Creatures
  Pikel (D:5)
  7 elephants
  A black mamba (Lair:1)
  Maggie (Lair:1)
  A torpor snail (Lair:1)
  2 cane toads (Lair:2)
  2 komodo dragons
  2 rime drakes (Lair:2)
  A tyrant leech (Lair:2)
  2 polar bears (Lair:2)
  15 blink frogs
  A spriggan (Lair:2)
  Sigmund (D:6)
  23 yaks
  3 basilisks
  2 wyverns
  2 steam dragons
  5 water moccasins
  Duvessa (D:7)
  A sky beast (D:7)
  2 ice beasts
  2 black bears
  2 ogres (D:6)
  11 wolves
  A lemure (D:5)
  9 bullfrogs
  Blork the orc (D:6)
  7 scorpions
  5 wights (D:8)
  Dowan (D:7)
  A water moccasin skeleton (D:4)
  9 killer bees (D:8)
  An electric eel (Lair:2)
  2 howler monkeys (D:7)
  2 bombardier beetles
  4 jellies
  An orc priest (D:6)
  A gnoll bouda (D:7)
  4 hounds
  4 sleepcaps
  Natasha (thrice) (D:4)
  2 scorpion zombies
  10 orc wizards
  A hound zombie (D:3)
  2 hound skeletons (D:4)
  A howler monkey zombie (D:3)
  8 adders
  7 gnolls
  A howler monkey skeleton (D:4)
  2 shadow imps
  3 white imps
  2 ufetubi (D:6)
  4 adder zombies
  3 dart slugs (D:1)
  3 ribbon worms
  24 orcs
  8 ball pythons
  8 bats
  4 endoplasms
  4 giant cockroaches
  7 goblins
  6 hobgoblins
  4 quokkas
  A ball python skeleton (D:3)
  2 frilled lizards (D:3)
  9 kobolds
  8 rats
281 creatures vanquished.

Vanquished Creatures (others)
  A bullfrog (Lair:2)
1 creature vanquished.

Grand Total: 282 creatures vanquished

Notes
Turn   | Place    | Note
-------+----------+-------------------------------------------
     0 | D:1      | qw the Deep Elf Hunter began the quest for the Orb.
     0 | D:1      | Reached XP level 1. HP: 12/12 MP: 3/3
     0 | D:1      | 0 ||| qw: Version: 0.3-a-160-g6735b56
     0 | D:1      | 0 ||| qw: Game counter: 5721
     0 | D:1      | 0 ||| qw: Melee chars always use a shield: true
     0 | D:1      | 0 ||| qw: God list: Okawaru
     0 | D:1      | 0 ||| qw: Allow faded altars: false
     0 | D:1      | 0 ||| qw: Do Orc after clearing Dungeon:15 true
     0 | D:1      | 0 ||| qw: Do second Lair branch before Depths: true
     0 | D:1      | 0 ||| qw: Lair rune preference: random
     0 | D:1      | 0 ||| qw: Goals: Normal
     0 | D:1      | 0 ||| PLANNING D:1-11
    89 | D:1      | Reached XP level 2. HP: 12/16 MP: 4/4
   113 | D:1      | Reached skill level 6 in Ranged Weapons
   173 | D:1      | You fall into a shaft and drop 1 floor!
   216 | D:2      | Reached XP level 3. HP: 20/20 MP: 5/5
   529 | D:2      | Reached skill level 7 in Ranged Weapons
   557 | D:2      | 557 ||| UPGRADING to +0 ring mail.
   567 | D:2      | 567 ||| DROPPING +0 leather armour.
   568 | D:2      | 568 ||| READING 2 scrolls labelled DUYW ASKAIXOCW.
   568 | D:2      | 568 ||| IDENTIFYING fizzy brown potion
   569 | D:2      | 569 ||| READING scroll of identify.
   569 | D:2      | 569 ||| IDENTIFYING lumpy inky potion
   570 | D:2      | 570 ||| READING 2 scrolls labelled SUINASHR LEDDARCH.
   571 | D:2      | 571 ||| DRINKING 2 red potions.
   572 | D:2      | 572 ||| DROPPING scroll of butterflies.
   573 | D:2      | 573 ||| DROPPING potion of invisibility.
   574 | D:2      | 574 ||| DROPPING scroll of fear.
   575 | D:2      | 575 ||| DROPPING potion of ambrosia.
   581 | D:1      | Found a faded altar of an unknown god.
  1172 | D:1      | 1172 ||| READING scroll labelled WOORADIROFF.
  1172 | D:1      | 1172 ||| BRANDING +0 shortbow.
  1393 | D:2      | Reached XP level 4. HP: 25/25 MP: 6/6
  1599 | D:2      | HP: 6/25 [gnoll/+0 spear (2)]
  1604 | D:2      | HP: 5/25 [gnoll/+0 spear (1)]
  1607 | D:2      | Reached skill level 8 in Ranged Weapons
  1927 | D:2      | 1927 ||| UPGRADING to +2 scale mail of willpower.
  1937 | D:2      | 1937 ||| DROPPING +0 ring mail.
  1938 | D:2      | 1938 ||| READING scroll of identify.
  1938 | D:2      | 1938 ||| IDENTIFYING black potion
  1939 | D:2      | 1939 ||| READING scroll labelled HAILAA EG MOUB.
  2327 | D:3      | Found a radiant altar of Vehumet.
  2327 | D:3      | Found an iron altar of Okawaru.
  2328 | D:3      | 2328 ||| PLANNING OKAWARU WORSHIP
  2328 | D:3      | 2328 ||| UPGRADING to +0 pair of boots.
  2341 | D:3      | Found a sacrificial altar of Ru.
  2344 | D:3      | Became a worshipper of Warmaster Okawaru
  2345 | D:3      | 2345 ||| PLANNING D:1-11
  2347 | D:3      | Found a basalt altar of Yredelemnul.
  2352 | D:3      | Found a snail-covered altar of Cheibriados.
  2482 | D:3      | Reached XP level 5. HP: 27/29 MP: 7/7
  2823 | D:3      | Reached skill level 9 in Ranged Weapons
  2953 | D:4      | Reached skill level 1 in Armour
  3080 | D:4      | Reached XP level 6. HP: 35/35 MP: 8/8
  3506 | D:4      | Noticed Natasha
  3512 | D:4      | 3512 ||| RETREEEEATING.
  3513 | D:4      | 3513 ||| RETREEEEATING.
  3514 | D:4      | 3514 ||| RETREEEEATING.
  3524 | D:4      | Killed Natasha
  3552 | D:4      | Reached * piety under Okawaru
  3563 | D:4      | Reached skill level 10 in Ranged Weapons
  3563 | D:4      | Reached skill level 1 in Invocations
  3631 | D:4      | Identified the +1 dagger of Gallantry {pain, rC+ Int+5
                  | Dex-2}
  3653 | D:4      | Noticed Natasha
  3658 | D:4      | Killed Natasha
  3741 | D:4      | Noticed Natasha
  3746 | D:4      | Killed Natasha
  3809 | D:4      | 3809 ||| READING scroll of identify.
  3809 | D:4      | 3809 ||| IDENTIFYING golden potion
  3832 | D:5      | Entered Level 5 of the Dungeon
  3841 | D:5      | Reached XP level 7. HP: 40/40 MP: 10/10
  4005 | D:5      | Noticed Pikel
  4008 | D:5      | 4008 ||| INVOKING Heroism.
  4016 | D:5      | 4016 ||| DRINKING potion of haste.
  4021 | D:5      | Killed Pikel
  4022 | D:5      | Reached skill level 11 in Ranged Weapons
  4022 | D:5      | Reached XP level 8. HP: 33/44 MP: 9/13
  4098 | D:5      | Reached skill level 3 in Dodging
  4160 | D:5      | Reached ** piety under Okawaru
  4167 | D:5      | Reached skill level 12 in Ranged Weapons
  4505 | D:5      | Identified the +0 robe of Keiwuhie {+Inv Dex+5}
  4677 | D:5      | 4677 ||| UPGRADING to +0 pair of gloves.
  4682 | D:5      | 4682 ||| DROPPING +0 robe of Keiwuhie {+Inv Dex+5}.
  4683 | D:5      | 4683 ||| READING scroll labelled SUCWUTORUEQ.
  4761 | D:5      | 4761 ||| READING 2 scrolls labelled UHYDULL LIJEL.
  4803 | D:6      | 4803 ||| RETREEEEATING.
  4804 | D:6      | 4804 ||| INVOKING Heroism.
  4805 | D:6      | 4805 ||| RETREEEEATING.
  4807 | D:6      | Reached skill level 3 in Fighting
  4936 | D:6      | Reached skill level 13 in Ranged Weapons
  4952 | D:6      | Found a staircase to the Ecumenical Temple.
  5223 | D:6      | Noticed Sigmund
  5224 | D:6      | 5224 ||| INVOKING Heroism.
  5228 | D:6      | Killed Sigmund
  5327 | D:6      | Reached XP level 9. HP: 51/51 MP: 14/14
  5500 | D:6      | Identified the +1 leather armour of Crawling {MP+9}
  5532 | D:6      | Noticed Blork the orc
  5542 | D:6      | Killed Blork the orc
  5730 | D:6      | Reached *** piety under Okawaru
  5790 | D:6      | Found Jyfekygh's Distillery.
  5796 | D:6      | 5796 ||| BUYING potion of curing (33 gold).
  5796 | D:6      | Bought a potion of curing for 33 gold pieces
  5796 | D:6      | 5796 ||| BUYING potion of heal wounds (55 gold).
  5796 | D:6      | Bought a potion of heal wounds for 55 gold pieces
  5796 | D:6      | 5796 ||| BUYING potion of magic (88 gold).
  5796 | D:6      | Bought a potion of magic for 88 gold pieces
  5796 | D:6      | 5796 ||| BUYING potion of might (44 gold).
  5796 | D:6      | Bought a potion of might for 44 gold pieces
  5796 | D:6      | 5796 ||| BUYING potion of mutation (88 gold).
  5796 | D:6      | Bought a potion of mutation for 88 gold pieces
  5818 | D:6      | Reached skill level 14 in Ranged Weapons
  5917 | D:6      | 5917 ||| DROPPING +1 leather armour of Crawling {MP+9}.
  5918 | D:6      | 5918 ||| DROPPING amulet of magic regeneration.
  5919 | D:6      | 5919 ||| UPGRADING to +5 ring of evasion.
  5920 | D:6      | 5920 ||| READING scroll of identify.
  5920 | D:6      | 5920 ||| IDENTIFYING coppery potion
  5921 | D:6      | 5921 ||| READING scroll labelled WAIBIKHL TETE.
  5921 | D:6      | Identified a scroll of acquirement
  5921 | D:6      | 5921 ||| ACQUIRING +6 antimagic orcbow
  5921 | D:6      | Acquired a +6 antimagic orcbow
  5923 | D:6      | 5923 ||| DROPPING potion of degeneration.
  5991 | D:7      | 5991 ||| RETREEEEATING.
  5992 | D:7      | 5992 ||| RETREEEEATING.
  5992 | D:7      | Found a blossoming altar of Fedhas.
  5993 | D:7      | 5993 ||| RETREEEEATING.
  5994 | D:7      | 5994 ||| RETREEEEATING.
  5995 | D:7      | 5995 ||| RETREEEEATING.
  6002 | D:7      | 6002 ||| INVOKING Heroism.
  6021 | D:7      | Noticed Duvessa
  6022 | D:7      | HP: 13/52 [gnoll/+1 vampiric halberd[a gnoll bouda] (5)]
  6023 | D:7      | 6023 ||| READING 2 scrolls of teleportation.
  6024 | D:7      | 6024 ||| DRINKING 6 potions of heal wounds.
  6027 | D:7      | Noticed Dowan
  6030 | D:7      | Killed Dowan
  6053 | D:7      | 6053 ||| INVOKING Heroism.
  6064 | D:7      | Killed Duvessa
  6080 | D:7      | 6080 ||| Stepping ~*~*~tactically~*~*~ (cloud).
  6086 | D:7      | 6086 ||| FLEEEEING.
  6087 | D:7      | 6087 ||| FLEEEEING.
  6088 | D:7      | 6088 ||| FLEEEEING.
  6089 | D:7      | 6089 ||| FLEEEEING.
  6090 | D:7      | 6090 ||| STAIRDANCE
  6239 | D:7      | 6239 ||| STAIRDANCE
  6245 | D:7      | 6245 ||| STAIRDANCE
  6340 | D:7      | Reached skill level 6 in Dodging
  6446 | D:7      | Found a white marble altar of Elyvilon.
  6446 | D:7      | Found a glowing golden altar of the Shining One.
  6447 | D:7      | Found a glowing silver altar of Zin.
  6613 | D:7      | 6613 ||| READING 2 scrolls of identify.
  6613 | D:7      | 6613 ||| IDENTIFYING scroll labelled ESESON NEXYGIFF
  6614 | D:7      | 6614 ||| DROPPING scroll of blinking.
  6621 | D:8      | 6621 ||| RETREEEEATING.
  6622 | D:8      | 6622 ||| RETREEEEATING.
  6623 | D:8      | 6623 ||| STAIRDANCE
  6628 | D:8      | 6628 ||| STAIRDANCE
  6638 | D:7      | Reached **** piety under Okawaru
  6639 | D:7      | Reached skill level 3 in Armour
  6746 | D:8      | 6746 ||| STAIRDANCE
  6751 | D:7      | 6751 ||| INVOKING Finesse.
  6752 | D:7      | 6752 ||| INVOKING Heroism.
  6889 | D:8      | 6889 ||| RETREEEEATING.
  6890 | D:8      | 6890 ||| RETREEEEATING.
  6891 | D:8      | 6891 ||| RETREEEEATING.
  6893 | D:8      | 6893 ||| INVOKING Heroism.
  6914 | D:8      | Reached XP level 10. HP: 42/59 MP: 15/15
  6922 | D:8      | 6922 ||| INVOKING Heroism.
  6961 | D:8      | Reached skill level 6 in Fighting
  7139 | D:8      | Found a staircase to the Lair.
  7139 | D:8      | Noticed an elephant
  7140 | D:8      | 7140 ||| INVOKING Finesse.
  7158 | D:8      | Killed an elephant
  7220 | D:8      | 7220 ||| RETREEEEATING.
  7221 | D:8      | 7221 ||| RETREEEEATING.
  7223 | D:8      | 7223 ||| RETREEEEATING.
  7224 | D:8      | 7224 ||| RETREEEEATING.
  7244 | D:8      | 7244 ||| RETREEEEATING.
  7263 | D:8      | HP: 15/60 [wight/+2 trident of freezing (3)]
  7264 | D:8      | 7264 ||| READING 3 scrolls of teleportation.
  7265 | D:8      | 7265 ||| DRINKING 7 potions of heal wounds.
  7476 | D:8      | 7476 ||| RETREEEEATING.
  7501 | D:8      | Reached skill level 6 in Invocations
  7791 | D:8      | 7791 ||| PLANNING LAIR
  7791 | D:8      | 7791 ||| UPGRADING to +4 ring of protection.
  7792 | D:8      | 7792 ||| READING 2 scrolls of identify.
  7792 | D:8      | 7792 ||| IDENTIFYING scroll labelled TYOCEI NAIFOWN
  7793 | D:8      | 7793 ||| READING scroll of enchant weapon.
  7793 | D:8      | 7793 ||| ENCHANTING +0 shortbow of draining.
  7833 | Lair:1   | Entered Level 1 of the Lair of Beasts
  7959 | Lair:1   | 7959 ||| RETREEEEATING.
  7960 | Lair:1   | 7960 ||| RETREEEEATING.
  7962 | Lair:1   | 7962 ||| RETREEEEATING.
  7964 | Lair:1   | 7964 ||| RETREEEEATING.
  7966 | Lair:1   | 7966 ||| RETREEEEATING.
  7967 | Lair:1   | 7967 ||| RETREEEEATING.
  7968 | Lair:1   | 7968 ||| RETREEEEATING.
  7969 | Lair:1   | 7969 ||| RETREEEEATING.
  7970 | Lair:1   | 7970 ||| RETREEEEATING.
  7971 | Lair:1   | 7971 ||| RETREEEEATING.
  7973 | Lair:1   | 7973 ||| RETREEEEATING.
  7974 | Lair:1   | 7974 ||| RETREEEEATING.
  7975 | Lair:1   | 7975 ||| RETREEEEATING.
  7976 | Lair:1   | 7976 ||| RETREEEEATING.
  8013 | Lair:1   | Reached ***** piety under Okawaru
  8044 | Lair:1   | Reached XP level 11. HP: 67/67 MP: 18/18
  8188 | Lair:1   | 8188 ||| INVOKING Finesse.
  8206 | Lair:1   | Reached skill level 9 in Dodging
  8328 | Lair:1   | 8328 ||| RETREEEEATING.
  8330 | Lair:1   | 8330 ||| RETREEEEATING.
  8331 | Lair:1   | 8331 ||| RETREEEEATING.
  8332 | Lair:1   | 8332 ||| RETREEEEATING.
  8333 | Lair:1   | 8333 ||| RETREEEEATING.
  8334 | Lair:1   | 8334 ||| RETREEEEATING.
  8337 | Lair:1   | 8337 ||| RETREEEEATING.
  8340 | Lair:1   | 8340 ||| RETREEEEATING.
  8343 | Lair:1   | 8343 ||| RETREEEEATING.
  8344 | Lair:1   | 8344 ||| RETREEEEATING.
  8345 | Lair:1   | 8345 ||| RETREEEEATING.
  8346 | Lair:1   | 8346 ||| RETREEEEATING.
  8349 | Lair:1   | HP: 10/67 [blink frog (9)]
  8350 | Lair:1   | 8350 ||| READING 2 scrolls of teleportation.
  8351 | Lair:1   | 8351 ||| DRINKING 6 potions of heal wounds.
  8405 | Lair:1   | 8405 ||| RETREEEEATING.
  8407 | Lair:1   | 8407 ||| RETREEEEATING.
  8408 | Lair:1   | 8408 ||| RETREEEEATING.
  8488 | Lair:1   | Found a dark tunnel.
  8510 | Lair:1   | 8510 ||| RETREEEEATING.
  8512 | Lair:1   | 8512 ||| RETREEEEATING.
  8518 | Lair:1   | 8518 ||| RETREEEEATING.
  8522 | Lair:1   | 8522 ||| RETREEEEATING.
  8523 | Lair:1   | 8523 ||| RETREEEEATING.
  8524 | Lair:1   | 8524 ||| RETREEEEATING.
  8527 | Lair:1   | 8527 ||| RETREEEEATING.
  8528 | Lair:1   | 8528 ||| RETREEEEATING.
  8529 | Lair:1   | 8529 ||| RETREEEEATING.
  8530 | Lair:1   | 8530 ||| RETREEEEATING.
  8535 | Lair:1   | 8535 ||| INVOKING Finesse.
  8613 | Lair:1   | 8613 ||| RETREEEEATING.
  8616 | Lair:1   | 8616 ||| RETREEEEATING.
  8617 | Lair:1   | 8617 ||| RETREEEEATING.
  8618 | Lair:1   | 8618 ||| RETREEEEATING.
  8621 | Lair:1   | Reached skill level 9 in Invocations
  8630 | Lair:1   | 8630 ||| RETREEEEATING.
  8631 | Lair:1   | 8631 ||| RETREEEEATING.
  8632 | Lair:1   | 8632 ||| RETREEEEATING.
  8639 | Lair:1   | 8639 ||| RETREEEEATING.
  8657 | Lair:1   | 8657 ||| RETREEEEATING.
  8659 | Lair:1   | 8659 ||| RETREEEEATING.
  8660 | Lair:1   | 8660 ||| RETREEEEATING.
  8661 | Lair:1   | 8661 ||| RETREEEEATING.
  8686 | Lair:1   | 8686 ||| RETREEEEATING.
  8688 | Lair:1   | 8688 ||| RETREEEEATING.
  8689 | Lair:1   | 8689 ||| RETREEEEATING.
  8690 | Lair:1   | 8690 ||| RETREEEEATING.
  8691 | Lair:1   | 8691 ||| RETREEEEATING.
  8700 | Lair:1   | Received a gift from Okawaru
  8977 | Lair:1   | Noticed Maggie
  8985 | Lair:1   | Killed Maggie
  9012 | Lair:1   | 9012 ||| RETREEEEATING.
  9013 | Lair:1   | 9013 ||| RETREEEEATING.
  9014 | Lair:1   | 9014 ||| RETREEEEATING.
  9015 | Lair:1   | 9015 ||| RETREEEEATING.
  9016 | Lair:1   | 9016 ||| RETREEEEATING.
  9017 | Lair:1   | 9017 ||| RETREEEEATING.
  9018 | Lair:1   | 9018 ||| RETREEEEATING.
  9019 | Lair:1   | 9019 ||| RETREEEEATING.
  9020 | Lair:1   | 9020 ||| RETREEEEATING.
  9383 | Lair:2   | 9383 ||| RETREEEEATING.
  9390 | Lair:2   | 9390 ||| RETREEEEATING.
  9392 | Lair:2   | 9392 ||| INVOKING Finesse.
  9412 | Lair:2   | HP: 15/68 [wolf (3)]
  9413 | Lair:2   | 9413 ||| READING 2 scrolls of teleportation.
  9414 | Lair:2   | 9414 ||| DRINKING 5 potions of heal wounds.
  9427 | Lair:2   | HP: 10/69 [rime drake/icy flash freeze (16)]
  9428 | Lair:2   | 9428 ||| READING scroll of teleportation.
  9429 | Lair:2   | 9429 ||| DRINKING 4 potions of heal wounds.
  9432 | Lair:2   | Found a frozen archway.
  9821 | Lair:2   | Reached XP level 12. HP: 72/75 MP: 21/21
  9821 | Lair:2   | 9821 ||| SWAPPING to +6 antimagic orcbow.
  9831 | Lair:2   | 9831 ||| DROPPING +1 shortbow of draining.
  9901 | Lair:2   | 9901 ||| INVOKING Finesse.
  9902 | Lair:2   | 9902 ||| INVOKING Heroism.
  9903 | Lair:2   | HP: 10/75 [polar bear (21)]
  9904 | Lair:2   | 9904 ||| DRINKING 5 potions of heal wounds.
 10118 | Lair:2   | Reached skill level 15 in Ranged Weapons
 10307 | Lair:2   | 10307 ||| RETREEEEATING.
 10313 | Lair:2   | 10313 ||| RETREEEEATING.
 10314 | Lair:2   | 10314 ||| RETREEEEATING.
 10315 | Lair:2   | 10315 ||| RETREEEEATING.
 10316 | Lair:2   | 10316 ||| RETREEEEATING.
 10317 | Lair:2   | 10317 ||| RETREEEEATING.
 10318 | Lair:2   | 10318 ||| RETREEEEATING.
 10319 | Lair:2   | 10319 ||| RETREEEEATING.
 10320 | Lair:2   | 10320 ||| RETREEEEATING.
 10321 | Lair:2   | 10321 ||| RETREEEEATING.
 10323 | Lair:2   | 10323 ||| RETREEEEATING.
 10326 | Lair:2   | 10326 ||| RETREEEEATING.
 10327 | Lair:2   | 10327 ||| RETREEEEATING.
 10328 | Lair:2   | 10328 ||| RETREEEEATING.
 10329 | Lair:2   | 10329 ||| RETREEEEATING.
 10330 | Lair:2   | Received a gift from Okawaru
 10537 | Lair:2   | Found a staircase to the Swamp.
 10538 | Lair:2   | 10538 ||| RETREEEEATING.
 10538 | Lair:2   | HP: 4/75 [tyrant leech (20)]
 10539 | Lair:2   | 10539 ||| DRINKING 5 potions of heal wounds.
 10540 | Lair:2   | 10540 ||| RETREEEEATING.
 10541 | Lair:2   | 10541 ||| DRINKING 4 potions of heal wounds.
 10542 | Lair:2   | 10542 ||| DRINKING 3 potions of heal wounds.
 10543 | Lair:2   | 10543 ||| RETREEEEATING.
 10544 | Lair:2   | 10544 ||| RETREEEEATING.
 10545 | Lair:2   | 10545 ||| RETREEEEATING.
 10553 | Lair:2   | HP: 14/75 [tyrant leech (19)]
 10554 | Lair:2   | 10554 ||| DRINKING 2 potions of heal wounds.
 10566 | Lair:2   | HP: 4/75 [tyrant leech (25)]
 10567 | Lair:2   | 10567 ||| DRINKING potion of heal wounds.
 10573 | Lair:2   | Demolished by a tyrant leech

Levels and vault maps discovered:
D:1:      nicolae_arrival_washed_ashore, layout_loops_ring,
          basic_ecumenical_altar, minmay_pentomino_z4
D:2:      minmay_door_path, layout_basic
D:3:      layout_basic, chequers_temple_overflow_minitemple, serial_undead,
          serial_undead_f, serial_undead_c, serial_undead_b, serial_undead_f,
          serial_undead_c
D:4:      layout_rooms, serial_rivers, chequers_serial_rivers_small_a,
          chequers_serial_rivers_room_a, chequers_serial_rivers_micro_c,
          chequers_serial_rivers_micro_d, chequers_serial_rivers_micro_a,
          chequers_serial_rivers_micro_a, minmay_splitting_lines,
          minmay_liquid_box, minmay_misc_feat_square, dilly_guarded_unrand_morg
D:5:      layout_loops_ring, minmay_crystal_room, roderic_batcave, minivault_19,
          uniq_pikel
D:6:      layout_basic, minmay_temple_entry_glass, serial_shops, shop,
          uniq_blork_the_orc, uniq_sigmund
D:7:      layout_rooms, good_gods_temple_1, general_overflow_altar, uniq_duvessa
D:8:      layout_rooms, david_lair_generic
Lair:1:   layout_regular_city, nicolae_volcano_entry_two_sided,
          serial_bayou_pond_a, st_stairs_9, serial_bayou_crossing, uniq_maggie
Lair:2:   layout_roguey, minmay_swamp_entry_worms,
          portal_ice_cave_entry_pillars_1, grunt_forest_large_clearings,
          serial_bayou_shore_a

Skill      XL: |  1  2  3  4  5  6  7  8  9 10 11 12 |
---------------+-------------------------------------+-----
Ranged Weapons | 6 7 8 9 10 11 13 14 15 | 15.7
Armour         | 1 2 3 4 5 |  5.0
Fighting       | 2 3 5 7 8 |  8.6
Invocations    | 1 4 7 10 | 10.0
Dodging        | 3 7 8 10 | 10.1
Stealth        | |  1.2

Action                     |  1- 3 |  4- 6 |  7- 9 | 10-12 || total
---------------------------+-------+-------+-------+-------++-------
   Fire: Shortbow          |   135 |   217 |   393 |   654 ||  1399
         Orcbow            |       |       |       |   126 ||   126
 Invoke: Heroism           |       |       |     7 |     2 ||     9
         Finesse           |       |       |     1 |     5 ||     6
    Use: Scroll            |     4 |     3 |     6 |     6 ||    19
         Potion            |     1 |       |     2 |    10 ||    13
 Armour: Leather armour    |    16 |       |       |       ||    16
         Ring mail         |     9 |    13 |       |       ||    22
         Scale mail        |       |   115 |   179 |   287 ||   581
  Dodge: Dodged            |    30 |    71 |   178 |   495 ||   774

Table legend:
 A = Non-vault XP
 B = Vault XP
 C = Vault XP percentage of total XP
 D = Non-vault monster count
 E = Vault monster count
 F = Vault count percentage of total count
                 A         B        C        D         E       F
            +---------+---------+-------+---------+---------+-------
      Total |   21371 |    5115 |  19.3 |     238 |      43 |  15.3
            +---------+---------+-------+---------+---------+-------
        D:1 |      42 |       6 |  12.5 |      22 |       2 |   8.3
        D:2 |     104 |       4 |   3.7 |      21 |       2 |   8.7
        D:3 |      37 |      93 |  71.5 |      14 |       7 |  33.3
        D:4 |     243 |     194 |  44.4 |      17 |       7 |  29.2
        D:5 |     584 |     625 |  51.7 |      16 |       6 |  27.3
        D:6 |    1154 |     299 |  20.6 |      28 |       2 |   6.7
        D:7 |    1554 |     209 |  11.9 |      29 |       2 |   6.5
        D:8 |    2941 |    1096 |  27.1 |      29 |       4 |  12.1
     Lair:1 |   10014 |    1130 |  10.1 |      43 |       4 |   8.5
     Lair:2 |    4698 |    1459 |  23.7 |      19 |       7 |  26.9
            +---------+---------+-------+---------+---------+-------
